 Dungeon Crawl Stone Soup version 0.30-a0-743-gbfdf073431 (webtiles) character file.

Game seed: 4937280976320580227

10 ragingrage the Scratcher (level 2, 0/12 HPs)
             Began as a Felid Transmuter on Feb 8, 2023.
             Slain by a jackal (3 damage)
             ... on level 1 of the Dungeon.
             The game lasted 00:00:18 (223 turns).

ragingrage the Scratcher (Felid Transmuter)          Turns: 223, Time: 00:00:18

Health: 0/12       AC:  1    Str:  6    XL:     2   Next: 10%
Magic:  6/6        EV: 17    Int: 14    God:
Gold:   24         SH:  0    Dex: 16    Spells: 4/5 levels left
                                        Lives:  0   Deaths: 0

rFire   . . .      SeeInvis +      - Unarmed
rCold   . . .      Faith    .    (shield unavailable)
rNeg    . . .      Spirit   .    (body armour unavailable)
rPois   .          Reflect  .    (helmet unavailable)
rElec   .          Harm     .    (cloak unavailable)
rCorr   .          Rampage  .    (gloves unavailable)
Will    .....                    (boots unavailable)
Stlth   ++                       (no amulet)
HPRegen 0.22/turn                (no ring)
MPRegen 0.10/turn                (no ring)

@: appendages (expiring), quick
A: horns 2, very small, claws 1, fangs 3, see invisible, speed 1, shaggy fur 1,
stealthy paws, no weapons or thrown items, no armour, multi-lived
a: End Transformation


You were on level 1 of the Dungeon.
You had temporarily grown beastly horns.
You visited 1 branch of the dungeon, and saw 1 of its levels.

You collected 24 gold pieces.

Inventory:

Scrolls
 b - a scroll of identify {unknown}
Potions
 a - a potion of lignification
 c - a potion of mutation {unknown}


   Skills:
 - Level 1.0 Fighting
 - Level 2.6 Dodging
 + Level 0.8 Stealth
 + Level 3.2 Unarmed Combat
 - Level 2.0 Spellcasting
 + Level 2.6 Transmutations


You had 4 spell levels left.
You knew the following spells:

 Your Spells              Type           Power      Damage    Failure   Level
a - Beastly Appendage     Tmut           16%        N/A       9%          1

Your spell library contained the following spells:

 Spells                   Type           Power      Damage    Failure   Level
 Wereblood                Tmut           8%         N/A       12%         2
 Spider Form              Tmut/Pois      5%         N/A       38%         3
 Ice Form                 Ice/Tmut       5%         N/A       80%         4


Dungeon Overview and Level Annotations

Branches:
Dungeon (1/15)

Altars:


Innate Abilities, Weirdness & Mutations

You have temporarily grown beastly horns.
You have sharp claws.
You have razor-sharp teeth.
You have supernaturally acute eyesight. (SInv)
You cover ground quickly. (Speed+)
You are covered in fur. (AC +1)
Your paws help you pounce on unaware monsters.
You are incapable of wielding weapons or throwing items.
You cannot wear armour.
You gain extra lives every three experience levels.


Message History

The jackal barks! x3
The jackal closely misses you. The jackal barely misses you.
You scratch the jackal.
The jackal is heavily wounded.
The jackal misses you. The jackal barely misses you.
You closely miss the jackal. Your headbutt misses the jackal.
The jackal is heavily wounded.
The jackal barely misses you.
You barely miss the jackal. You bite the jackal.
You kill the jackal!
The jackal closely misses you.
You scratch the jackal but do no damage.
Your transformation is almost over.
The jackal misses you. x2; The jackal bites you.
You barely miss the jackal. The jackal bites you. x2
You are too injured to fight recklessly!
You are too injured to fight recklessly!
You are too injured to fight recklessly!
You are too injured to fight recklessly!
You are too injured to fight recklessly!
You are too injured to fight recklessly!
You are too injured to fight recklessly!
You are too injured to fight recklessly!
The jackal attacks as you move away! The jackal closely misses you.
You scratch the jackal.
The jackal is almost dead.
The jackal misses you.
You scratch the jackal. Your claw misses the jackal.
The jackal is lightly wounded.
The jackal barely misses you.
You closely miss the jackal. You headbutt the jackal.
You kill the jackal!
You have reached level 2!
You scratch the jackal.
You kill the jackal!
You scratch the jackal but do no damage.
The jackal bites you. x2
* * * LOW HITPOINT WARNING * * *
You completely miss the jackal. The jackal bites you.
You die...

###### .....#
.###.# .# #.#
.###.#############
.................#
####...#####.###.#
# ##(.# #.# #@# #
##.†# #.# #h# #
#.†.# #.#
#r†.r....
####.#.### #.#
######.##
##...#...# #.#
...#####.# #.#
##...#...# #.#
###.#.#####.###
####...# #.....#


You could see a quokka and a jackal.

Vanquished Creatures
  2 bats (D:1)
  2 hobgoblins (D:1)
  3 jackals (D:1)
  A rat (D:1)
8 creatures vanquished.

Notes
Turn   | Place    | Note
-------+----------+-------------------------------------------
     0 | D:1      | ragingrage the Felid Transmuter began the quest for the
                  | Orb.
     0 | D:1      | Reached XP level 1. HP: 9/9 MP: 4/4
   221 | D:1      | Reached XP level 2. HP: 6/12 MP: 6/6
   223 | D:1      | Slain by a jackal

Illustrated notes

Levels and vault maps discovered:
D:1:      dpeg_arrival_radiant, layout_loops_ring, minmay_misc_feat_more_columns

Action                     || total
---------------------------++-------
  Melee: Unarmed           ||    26
         Headbutt          ||     2
         Bite              ||     1
   Cast: Beastly Appendage ||     5
 Armour: Skin              ||     1
  Dodge: Dodged            ||    24

Table legend: (Time is in decaauts)
 A = Elapsed time spent in this place.
 B = Non-inter-level travel time spent in this place.
 C = Inter-level travel time spent in this place.
 D = Time resting spent in this place.
 E = Time spent auto-exploring this place.
 F = Levels seen in this place.
 G = Mean time per level.
                   A        B        C        D        E       F      G
               +--------+--------+--------+--------+--------+-----+--------+
         Total |    188 |    188 |      0 |      8 |    127 |   1 |  188.0 |
       Dungeon |    188 |    188 |      0 |      8 |    127 |   1 |  188.0 |
               +--------+--------+--------+--------+--------+-----+--------+

Top non-repeatable levels by time:
     D:1: 188 daAuts
